Map: Tours du crépuscule

Players

DUKE

  • Race: Terran Terran
  • League: Gold
  • Spawn Location: 1:00

zidar - Winner!

  • Race: Zerg Zerg
  • League: Gold
  • Spawn Location: 7:00

VOD

Have the link to the VOD?

Description

Time

  • Played on: June 18, 2016, 9:09 a.m.
  • Length: 17:28
Show
View Real Time Build Order
Export as new Build Order

DUKE Terran 

Build Orders: Command Center First (CC) 

Get SALT Encoding   

  12  0:01  SCV  
  13  0:13  SCV  
  14  0:18  Supply Depot  
  14  0:25  SCV  
  15  0:40  SCV  
  16  0:59  Command Center  
  16  1:01  SCV  
  17  1:13  SCV  
  17  1:17  Barracks  
  18  1:26  SCV  
  19  1:34  Refinery  
  19  1:38  SCV  
  19  1:39  Refinery  
  20  2:05  Command Center  
  20  2:10  Supply Depot  
  20  2:13  Marine  
  21  2:24  Orbital Command  
  21  2:33  Marine  
  22  2:42  Factory  
  22  2:51  Marine  
  22  2:52  SCV  
  24  3:08  Barracks  
  24  3:17  Orbital Command  
  24  3:26  Barracks  
  24  3:28  Factory Reactor  
  24  3:37  Barracks Tech Lab  
  24  3:42  Orbital Command  
  24  3:53  Starport  
  24  3:56  Barracks Tech Lab  
  24  4:05  Stimpack  
  26  4:13  Refinery  
  26  4:14  Widow Mine, Barracks Reactor  
  26  4:21  Combat Shield  
  28  4:25  Widow Mine  
  28  4:27  SCV  
  28  4:28  SCV  
  28  4:30  SCV  
  31  4:35  Viking  
  33  4:44  SCV x2  
  35  4:54  Marine x2, Marauder x2  
  45  5:07  Bunker  
  45  5:10  Widow Mine  
  45  5:12  Marine, Widow Mine  
  46  5:19  Bunker  
  46  5:20  Marine  
  47  5:22  Barracks  
  47  5:30  SCV x2  
  47  5:33  Refinery  
  49  5:37  SCV  
  49  5:38  Supply Depot  
  49  5:40  Concussive Shells  
  50  5:43  Supply Depot  
  50  5:46  Starport Reactor  
  50  5:53  SCV x2  
  52  6:04  Marine, Marauder x2  
  56  6:12  Engineering Bay  
  56  6:17  Barracks Tech Lab  
  56  6:20  SCV  
  56  6:22  Barracks  
  56  6:23  SCV  
  56  6:25  Marauder x2  
  62  6:29  Medivac  
  62  6:30  Medivac  
  66  6:43  Marine, Marauder  
  66  6:47  Marauder  
  71  6:53  SCV x2  
  73  6:58  Supply Depot  
  73  6:59  SCV, Supply Depot  
  73  7:00  Marine, Marauder  
  77  7:09  Terran Infantry Weapons Level 1  
  77  7:10  Supply Depot  
  77  7:11  Barracks Reactor  
  77  7:15  Engineering Bay  
  77  7:20  Marine, Marauder, SCV, Orbital Command  
  81  7:23  SCV  
  81  7:24  Marine, Marauder x2  
  81  7:27  Medivac  
  81  7:29  Medivac  
  91  7:32  SCV  
  92  7:38  Marine  
  92  7:42  Marine, Marauder  
  92  7:43  Armory, Terran Infantry Armor Level 1  
  100  7:51  SCV  
  100  7:52  Barracks  
  100  7:56  Widow Mine  
  100  7:57  Widow Mine  
  101  8:03  Barracks  
  101  8:06  Marine  
  101  8:07  Marauder x2  
  98  8:13  Marine, Marauder  
  98  8:19  Supply Depot  
  101  8:24  Supply Depot  
  101  8:40  Marine x4, Medivac  
  101  8:41  Marauder  
  109  8:46  Marine, Marauder  
  108  8:58  Missile Turret  
  108  9:01  Missile Turret  
  108  9:09  Marine x3, Marauder  
  107  9:13  Marine x3, Marauder  
  107  9:14  Medivac x2  
  116  9:22  Missile Turret  
  116  9:23  Supply Depot  
  116  9:27  Supply Depot  
  116  9:29  Refinery  
  116  9:30  Supply Depot  
  116  9:33  Missile Turret x2  
  116  9:34  Missile Turret, Supply Depot  
  116  9:35  Marine  
  116  9:37  Supply Depot  
  117  9:42  Terran Infantry Weapons Level 2  
  117  9:45  Marine, Medivac x2  
  122  9:48  SCV x2  
  122  9:51  Supply Depot  
  124  9:54  Terran Infantry Armor Level 2  
  124  9:57  SCV  
  125  10:00  SCV x2  
  127  10:09  SCV  
  127  10:11  Barracks  
  127  10:12  SCV x2  
  127  10:13  Barracks  
  130  10:21  SCV, Supply Depot  
  131  10:22  Supply Depot  
  131  10:24  Marine, Refinery, SCV  
  131  10:25  SCV  
  134  10:29  Marauder x2  
  134  10:33  SCV  
  139  10:42  Marine x4, Marauder  
  143  10:43  Marine  
  146  10:50  Marine x2  
  146  10:56  Barracks Reactor  
  146  10:59  Barracks Reactor  
  146  11:00  Marine, Barracks Tech Lab  
  146  11:03  Marine x3  
  146  11:04  Marine, Marauder  
  153  11:08  Marine, Marauder  
  156  11:14  Command Center  
  156  11:18  Marine x2  
  157  11:20  Medivac  
  157  11:21  Marine x4  
  157  11:25  Marauder  
  166  11:26  Marauder  
  166  11:29  Marauder  
  170  11:34  Marine  
  170  11:35  Marine x2  
  170  11:37  Marauder  
  170  11:39  Marine  
  173  11:43  Marine x3  
  173  11:44  Marine  
  173  11:46  Marauder  
  177  11:47  Marauder  
  177  11:49  Marine  
  177  11:51  Marauder  
  177  11:52  Marine x2  
  177  11:53  Marine  
  166  11:56  Marine  
  166  11:58  Marauder  
  166  12:01  Marine x2  
  161  12:05  Marine  
  161  12:07  Marine  
  161  12:08  Marauder  
  159  12:09  Marauder  
  159  12:12  Marauder  
  163  12:19  Marine x3, Marauder  
  163  12:20  Medivac  
  170  12:27  Supply Depot  
  170  12:29  Marauder, Orbital Command  
  172  12:30  Marauder, Supply Depot  
  172  12:33  Marauder  
  172  12:34  Terran Infantry Weapons Level 3  
  176  12:41  Marine x2, Marauder  
  180  12:45  Terran Infantry Armor Level 3  
  180  12:50  Marauder  
  180  12:51  Medivac x2  
  185  13:01  Marine  
  185  13:02  Marine x6  
  115  13:13  Marine x3  
  115  13:14  Marine x2, Marauder  
  115  13:19  Marine x2  
  112  13:20  Marine  
  112  13:21  Medivac  
  112  13:23  Marine  
  115  13:29  Marine  
  115  13:32  Marauder x2  
  115  13:33  Marine  
  119  13:36  Marauder  
  117  13:54  Marine x2  
  117  13:55  Marine x4, Marauder  
  123  13:57  Marine  
  123  13:59  Orbital Command  
  113  14:14  Marine x4, Marauder  
  112  14:27  Medivac x2  
  116  14:33  Marine x2  
  118  14:54  Supply Depot  
  118  14:55  Refinery  
  118  14:58  Supply Depot x2  
  118  15:00  Refinery  
  118  15:01  Marine, Marauder x2  
  118  15:05  Marauder  
  125  15:14  Marauder  
  125  15:19  Medivac  
  129  15:22  Marauder x2  
  129  15:27  Marauder, Supply Depot  
  129  15:28  Supply Depot  
  135  15:33  Marine  
  136  15:36  Marauder  
  136  15:42  Marine  
  139  15:43  Marauder x2  
  139  15:48  Marauder  
  145  15:56  Marine x3  
  104  15:57  Marauder  
  93  16:05  Marauder  
  93  16:09  Widow Mine  
  93  16:10  Widow Mine  
  85  16:11  Medivac  
  85  16:24  Marine x3, Marauder  
  73  16:29  Marine  
  73  16:30  Marauder x2  
Show
View Real Time Build Order
Export as new Build Order

zidar Zerg - Winner!

Build Orders: Hatch First, Muta Ling Bane 

Get SALT Encoding   

  12  0:02  Drone  
  13  0:12  Overlord  
  13  0:17  Drone  
  14  0:30  Drone x2  
  16  0:50  Hatchery  
  16  0:53  Drone  
  16  0:57  Extractor  
  16  0:58  Drone  
  16  1:14  Spawning Pool  
  16  1:18  Drone  
  16  1:27  Drone  
  16  1:29  Drone  
  18  1:40  Overlord  
  18  2:03  Queen x2  
  18  2:05  Zergling x4  
  18  2:08  Zergling x2  
  25  2:13  Metabolic Boost  
  25  2:19  Drone  
  26  2:29  Drone  
  27  2:32  Drone  
  28  2:37  Baneling Nest, Drone  
  28  2:58  Drone x3  
  28  2:59  Drone x3  
  28  3:02  Pneumatized Carapace  
  34  3:17  Overlord x2  
  34  3:18  Overlord  
  34  3:26  Drone  
  34  3:27  Drone  
  36  3:35  Extractor, Drone  
  36  3:42  Drone x5  
  36  3:45  Lair  
  41  4:01  Hatchery  
  40  4:10  Evolution Chamber  
  40  4:11  Drone x2  
  40  4:14  Evolution Chamber  
  40  4:16  Queen  
  42  4:43  Overseer  
  42  4:46  Centrifical Hooks  
  42  4:51  Zergling x18  
  51  4:53  Baneling x5  
  51  5:14  Drone x4  
  51  5:15  Drone x2  
  51  5:17  Baneling x6  
  57  5:27  Queen  
  59  5:38  Spore Crawler  
  58  5:45  Overlord x4  
  58  5:48  Zerg Melee Weapons Level 1  
  58  5:54  Extractor  
  57  5:58  Extractor  
  56  6:11  Drone x15  
  71  6:37  Zerg Ground Armor Level 1  
  71  6:41  Spire  
  70  6:50  Drone x9  
  70  6:53  Zergling x12  
  85  7:02  Overseer  
  85  7:07  Drone x3  
  88  7:17  Extractor  
  88  7:20  Extractor  
  86  7:42  Queen  
  88  7:45  Hatchery, Zerg Melee Weapons Level 2  
  87  7:54  Hatchery  
  87  7:57  Mutalisk x2  
  86  8:17  Mutalisk  
  86  8:19  Overlord x3  
  88  8:20  Overlord x4  
  88  8:57  Mutalisk  
  88  8:58  Mutalisk x10  
  110  9:22  Hatchery  
  109  9:24  Zerg Ground Armor Level 2  
  109  9:43  Overseer  
  109  9:52  Zergling x30  
  124  9:53  Zergling x2  
  124  9:55  Baneling x13  
  125  10:05  Infestation Pit  
  124  10:10  Zergling x2  
  124  10:11  Zergling x16  
  133  10:16  Baneling x9  
  133  10:20  Zergling x2  
  133  10:21  Zergling x18  
  143  10:33  Drone  
  144  10:36  Drone x3  
  144  10:37  Drone  
  144  10:38  Drone  
  149  10:50  Zergling x18  
  149  10:56  Hive  
  158  11:26  Overlord  
  158  11:27  Overlord x2  
  130  12:07  Zergling x2  
  130  12:08  Zergling x50  
  148  12:11  Baneling  
  148  12:12  Baneling x17  
  156  12:20  Spire  
  156  12:21  Queen  
  157  12:25  Adrenal Glands  
  157  12:27  Zerg Melee Weapons Level 3, Zerg Ground Armor Level 3  
  157  12:31  Ultralisk Cavern  
  92  13:24  Zergling x26  
  92  13:25  Zergling x48  
  115  14:29  Chitinous Plating  
  115  14:40  Ultralisk x3  
  115  14:41  Ultralisk  
  115  14:43  Hatchery  
  115  14:44  Overlord  
  115  14:45  Hatchery  
  137  14:46  Overlord x5  
  137  14:47  Overlord  
  137  14:51  Baneling x15  
  137  14:52  Baneling x2  
  137  15:22  Ultralisk x4  
  137  15:23  Ultralisk x3  
  137  15:24  Zergling x12  
  185  15:28  Baneling  
  185  15:29  Baneling x2  
  185  15:38  Baneling  
  185  15:39  Baneling x8  
  134  16:49  Zergling x2  
  134  16:50  Zergling x54  
  134  16:51  Zergling x2  
Tags
 
Add a new tag
Caveats
  • Supply blocks, unpowered buildings, or Contaminate may cause inaccurate times.
  • Supply counts are checked every 10 seconds.